[Event "Bijnor Open 2023"]
[Site "Bijnor"]
[Date "2023.12.02"]
[Round "6.4"]
[White "Daksh Goyal"]
[Black "Gaurav Sunil Dutt Rana"]
[Result "1-0"]
[ECO "C90"]
[WhiteElo "1814"]
[BlackElo "1235"]
[Annotator "NA RC"]
[PlyCount "53"]
[EventDate "2023.11.29"]
[EventCountry "IND"]
[SourceTitle "playchess.com"]
[Source "ChessBase"]
[SourceQuality "1"]
[TimeControl "5400+30"]

1. e4 e5 2. Nf3 Nc6 3. Bb5 a6 4. Ba4 Nf6 5. O-O Be7 6. Re1 b5 7. Bb3 O-O 8. a4 Bb7 9. c3 d6 10. d4 Na5 11. Bc2 Nd7 12. Nbd2 c5 13. Nf1 Re8 14. Ne3 g6 15. axb5 axb5 16. b3 exd4 17. cxd4 c4 18. bxc4 Nxc4 19. Rb1 Nxe3 20. Bxe3 Qa5 21. Bd3 b4 22. Bd2 d5 23. exd5 Bxd5 24. Rxe7 Rxe7 25. Bxb4 Bxf3 26. Qxf3 Rb8 27. Bxa5 1-0

[Event "Bijnor Open 2023"]
[Site "Bijnor"]
[Date "2023.12.02"]
[Round "6.5"]
[White "Ravish Chaudhary"]
[Black "Sharma, Hari O.M."]
[Result "1-0"]
[ECO "E69"]
[WhiteElo "1351"]
[BlackElo "2045"]
[Annotator "NA"]
[PlyCount "98"]
[EventDate "2023.11.29"]
[EventCountry "IND"]
[SourceTitle "playchess.com"]
[Source "ChessBase"]
[SourceQuality "1"]
[TimeControl "5400+30"]

1. d4 Nf6 2. c4 g6 3. g3 Bg7 4. Bg2 O-O 5. Nc3 d6 6. Nf3 Nbd7 7. e4 e5 8. O-O c6 9. h3 Re8 10. Be3 {[%emt 0:02:08] 10.Be3 is better than 10.Re1.} Qe7 11. b4 exd4 {[%emt 0:09:06] [#]} 12. Bxd4 $146 ({Predecessor:} 12. Nxd4 Ne5 13. Qe2 Be6 14. Nxe6 Qxe6 15. c5 Red8 16. cxd6 Ne8 17. Rac1 Nxd6 18. f4 Nec4 {1-0 Will,P (2095)-McAndrew,R (1911) Rhein Main op-A 20th 2017 (2)}) 12... c5 13. bxc5 dxc5 14. Bxf6 Qxf6 15. Rc1 Ne5 16. Nd5 Qd8 17. Qa4 Nxf3+ 18. Bxf3 Bxh3 19. Rfd1 Bd4 20. Kh2 Bd7 21. Qxd7 Qxd7 22. Nf6+ Kf8 23. Nxd7+ Ke7 {[%emt 0:00:14] [#]} 24. Bg4 $14 (24. Rxd4 $1 $16 cxd4 25. Ne5) 24... f5 (24... h5 $1 $14 25. Bh3 f5) 25. exf5 Kxd7 26. fxg6+ Kc7 27. gxh7 Rf8 28. Rd2 Rf7 29. Kg2 Rxh7 30. Rh1 Rxh1 31. Kxh1 Kb6 32. Kg2 Ka5 33. f4 Kb4 34. Be6 Ka3 35. g4 a6 36. g5 Kb4 37. Kf3 Kc3 38. Rg2 b5 39. g6 Bg7 40. Re2 b4 41. Bd5 Ra7 42. f5 a5 43. Kg4 a4 44. Kg5 Kd3 45. Re1 Ra6 46. Re6 Rxe6 47. fxe6 a3 48. e7 b3 49. axb3 a2 1-0

[Event "Bijnor Open 2023"]
[Site "Bijnor"]
[Date "2023.12.02"]
[Round "6.6"]
[White "Ojas Joshi"]
[Black "Sharma, Harish"]
[Result "1-0"]
[ECO "A90"]
[WhiteElo "1342"]
[BlackElo "1904"]
[Annotator "NA RC"]
[PlyCount "39"]
[EventDate "2023.11.29"]
[EventCountry "IND"]
[SourceTitle "playchess.com"]
[Source "ChessBase"]
[SourceQuality "1"]
[TimeControl "5400+30"]

1. d4 e6 2. c4 d5 3. g3 c6 4. Nf3 f5 5. Bg2 Nf6 6. O-O Bd6 7. b3 Nbd7 8. Bb2 Qe7 9. Nc3 O-O 10. e3 b6 11. Nd2 Ba6 12. Re1 Ne4 13. Ncxe4 fxe4 14. f3 exf3 15. Bxf3 Bb4 16. Bg2 Qf6 17. Kh1 Qh6 18. Kg1 Nf6 19. Rc1 Ng4 20. Rf1 1-0

[Event "Bijnor Open 2023"]
[Site "Bijnor"]
[Date "2023.12.02"]
[Round "6.7"]
[White "Sumit Kumar"]
[Black "Anchal, Rastogi"]
[Result "0-1"]
[ECO "E61"]
[WhiteElo "1334"]
[BlackElo "1770"]
[Annotator "NA RC"]
[PlyCount "80"]
[EventDate "2023.11.29"]
[EventCountry "IND"]
[SourceTitle "playchess.com"]
[Source "ChessBase"]
[SourceQuality "1"]
[TimeControl "5400+30"]

1. d4 Nf6 2. c4 g6 3. Nc3 Bg7 4. Nf3 d6 5. Bg5 Nbd7 6. e3 O-O 7. Be2 c6 8. Qc2 Re8 9. O-O h6 10. Bh4 Qc7 11. Rfd1 Nf8 12. b4 g5 13. Bg3 Nh5 14. Rac1 Nxg3 15. hxg3 Ng6 16. e4 Bg4 17. Ne1 Bd7 18. c5 a5 19. b5 dxc5 20. bxc6 bxc6 21. d5 Bd4 22. Rxd4 cxd4 23. Nb5 Qb6 24. dxc6 Rec8 25. Rb1 Qxc6 26. Qb3 e5 27. a4 Kg7 28. Qa3 Qc5 29. Qb3 Rab8 30. Qf3 Qe7 31. Bd3 h5 32. Qxh5 g4 33. Nf3 Rh8 34. Qg5 gxf3 35. Qd2 fxg2 36. Kxg2 Qd8 37. Qa2 Qg5 38. Nd6 Be6 39. Qc2 Nf4+ 40. Kg1 Qh5 0-1

[Event "Bijnor Open 2023"]
[Site "Bijnor"]
[Date "2023.12.02"]
[Round "6.8"]
[White "Prabindra Mani Verma"]
[Black "Wazeer Ahmad, Khan"]
[Result "0-1"]
[ECO "B01"]
[WhiteElo "1273"]
[BlackElo "1686"]
[Annotator "NA RC"]
[PlyCount "76"]
[EventDate "2023.11.29"]
[EventCountry "IND"]
[SourceTitle "playchess.com"]
[Source "ChessBase"]
[SourceQuality "1"]
[TimeControl "5400+30"]

1. e4 d5 2. exd5 Nf6 3. d4 Nxd5 4. c4 Nb6 5. Nc3 c6 6. h3 Bf5 7. Nf3 e6 8. Be2 N8d7 9. O-O Nf6 10. Nh4 Bg6 11. Nxg6 hxg6 12. a3 Qc7 13. b3 Be7 14. Bf3 Rd8 15. Ne2 e5 16. Qe1 e4 17. Bf4 Qd7 18. Bg4 Nxg4 19. hxg4 Qxg4 20. f3 exf3 21. Rxf3 Kf8 22. Rg3 Qd7 23. a4 Kg8 24. Re3 Nc8 25. Rd1 Nd6 26. Ng3 Bf6 27. Kf2 Rh4 28. Bxd6 Qxd6 29. Re8+ Kh7 30. Re4 c5 31. Rxh4+ Bxh4 32. Qe3 cxd4 33. Qf3 f5 34. Rh1 Qf6 35. Kf1 Qg5 36. Kf2 f4 37. Kg1 fxg3 38. Qd1 Qe3+ 0-1

[Event "Bijnor Open 2023"]
[Site "Bijnor"]
[Date "2023.12.02"]
[Round "6.9"]
[White "Verma Ashu"]
[Black "Adithya Vishveshwaran M"]
[Result "1-0"]
[ECO "B01"]
[WhiteElo "1674"]
[BlackElo "1360"]
[Annotator "NA"]
[PlyCount "145"]
[EventDate "2023.11.29"]
[EventCountry "IND"]
[SourceTitle "playchess.com"]
[Source "ChessBase"]
[SourceQuality "1"]
[TimeControl "5400+30"]

1. e4 d5 2. exd5 Qxd5 3. Nc3 Qd6 4. d4 Nf6 5. Nf3 Bg4 6. h3 Bxf3 7. Qxf3 c6 8. Be3 Nbd7 9. O-O-O Nb6 10. g4 e6 11. Bg5 Nbd5 12. Bg2 Be7 13. Nxd5 Qxd5 14. Qxd5 cxd5 15. Rhe1 h5 16. f3 Kd7 17. Rd3 Rac8 18. Rb3 Rc7 19. Bf4 Bd6 20. Bd2 Rhc8 21. c3 Bg3 22. Rd1 Ne8 23. gxh5 Nf6 24. h6 g6 25. Bf1 a6 26. Be2 Nh5 27. f4 Bxf4 28. Bxh5 Bxd2+ 29. Kxd2 gxh5 30. Rg1 Rh8 31. Rg7 Kc6 32. h7 f5 33. Rg6 Re7 34. a4 b6 35. Ke3 Rhxh7 36. Kf4 h4 37. Ke5 Rhf7 38. Rxe6+ Rxe6+ 39. Kxe6 Rf8 40. Ra3 f4 41. Ra1 f3 42. Rf1 Rf4 43. Rf2 Rf8 44. Ke5 b5 45. axb5+ axb5 46. b3 Rf7 47. Ke6 Rf4 48. Ke5 Re4+ 49. Kf5 Re3 50. Kf4 Rxc3 51. Rxf3 b4 52. Rxc3+ bxc3 53. Ke3 Kb5 54. Kd3 Kb4 55. Kc2 Ka5 56. Kxc3 Kb5 57. Kb2 Kb4 58. Kc2 Ka5 59. Kb1 Kb4 60. Kb2 Ka5 61. Ka3 Kb5 62. b4 Kc4 63. Ka4 Kxd4 64. b5 Ke3 65. b6 Kf3 66. b7 Kg3 67. b8=Q+ Kxh3 68. Qf4 d4 69. Qxd4 Kg3 70. Qe3+ Kh2 71. Qf4+ Kh3 72. Kb3 Kg2 73. Qxh4 1-0

[Event "Bijnor Open 2023"]
[Site "Bijnor"]
[Date "2023.12.02"]
[Round "6.10"]
[White "Sparsh Yadav"]
[Black "Gaurav, Bharadwaj"]
[Result "1-0"]
[ECO "C40"]
[WhiteElo "1598"]
[BlackElo "1301"]
[Annotator "NA RC"]
[PlyCount "51"]
[EventDate "2023.11.29"]
[EventCountry "IND"]
[SourceTitle "playchess.com"]
[Source "ChessBase"]
[SourceQuality "1"]
[TimeControl "5400+30"]

1. e4 e5 2. Nf3 d5 3. exd5 e4 4. Qe2 Nf6 5. d3 Qxd5 6. Nc3 Bb4 7. Bd2 Bxc3 8. Bxc3 O-O 9. Ne5 exd3 10. Qxd3 Re8 11. f4 Bg4 12. Qxd5 Nxd5 13. Bc4 Be6 14. f5 Nxc3 15. fxe6 fxe6 16. bxc3 a5 17. Rb1 Ra7 18. Rf1 Re7 19. Rd1 Re8 20. a4 Na6 21. Rf7 Nb8 22. Rf1 Na6 23. Rb1 Nb8 24. Nc6 Re7 25. Rd1 Ra8 26. Rb1 1-0

[Event "Bijnor Open 2023"]
[Site "Bijnor"]
[Date "2023.12.03"]
[Round "7.1"]
[White "Kulkarni, Vikramaditya"]
[Black "Ramnathan, Balasubramaniam"]
[Result "1-0"]
[ECO "B06"]
[WhiteElo "2209"]
[BlackElo "1920"]
[Annotator "NA RC"]
[PlyCount "81"]
[EventDate "2023.11.29"]
[EventCountry "IND"]
[SourceTitle "playchess.com"]
[Source "ChessBase"]
[SourceQuality "1"]
[TimeControl "5400+30"]

1. e4 d6 2. d4 g6 3. Nf3 Bg7 4. Be2 Nd7 5. O-O e5 6. dxe5 dxe5 7. b3 Ne7 8. a4 O-O 9. Ba3 Re8 10. Bc4 Bf6 11. Nc3 Nb6 12. Be2 Be6 13. Qxd8 Rexd8 14. a5 Nd7 15. a6 b6 16. Bb5 Rac8 17. Bxe7 Bxe7 18. Bc6 f5 19. exf5 gxf5 20. Nb5 Nb8 21. Nxa7 Nxc6 22. Nxc6 Re8 23. Nxe7+ Rxe7 24. Nxe5 Bd5 25. Rfe1 Ra8 26. f3 Kg7 27. c4 Kf6 28. cxd5 Rxe5 29. Rec1 Ra7 30. Rc6+ Ke7 31. d6+ cxd6 32. Rxb6 Kd7 33. Rd1 Re6 34. Rc1 d5 35. Rxe6 Kxe6 36. Rc6+ Ke5 37. Kf2 d4 38. Rc5+ Kd6 39. Rxf5 Re7 40. Ra5 d3 41. a7 1-0

[Event "Bijnor Open 2023"]
[Site "Bijnor"]
[Date "2023.12.03"]
[Round "7.2"]
[White "Amartya Kumar"]
[Black "Mohammad Sameed"]
[Result "1/2-1/2"]
[ECO "B01"]
[WhiteElo "1375"]
[BlackElo "1468"]
[Annotator "NA RC"]
[PlyCount "44"]
[EventDate "2023.11.29"]
[EventCountry "IND"]
[SourceTitle "playchess.com"]
[Source "ChessBase"]
[SourceQuality "1"]
[TimeControl "5400+30"]

1. e4 d5 2. exd5 Qxd5 3. d4 Nc6 4. Nf3 Bf5 5. c4 Qd6 6. c5 Qg6 7. Na3 O-O-O 8. Be3 e5 9. Nh4 Qf6 10. Nxf5 Qxf5 11. d5 Qe4 12. Bd3 Qxg2 13. dxc6 Qxh1+ 14. Ke2 Qxd1+ 15. Rxd1 Be7 16. cxb7+ Kxb7 17. c6+ Kb8 18. Rg1 e4 19. Ba6 Rd5 20. Nb5 Bc5 21. Rd1 Bxe3 22. Rxd5 Nf6 1/2-1/2

[Event "Bijnor Open 2023"]
[Site "Bijnor"]
[Date "2023.12.03"]
[Round "7.3"]
[White "Sharma, Harish"]
[Black "Sparsh Yadav"]
[Result "0-1"]
[ECO "B34"]
[WhiteElo "1904"]
[BlackElo "1598"]
[Annotator "NA RC"]
[PlyCount "234"]
[EventDate "2023.11.29"]
[EventCountry "IND"]
[SourceTitle "playchess.com"]
[Source "ChessBase"]
[SourceQuality "1"]
[TimeControl "5400+30"]

1. e4 c5 2. Nf3 g6 3. d4 cxd4 4. Nxd4 Nf6 5. Nc3 Bg7 6. Be2 O-O 7. Be3 Nc6 8. Qd2 d5 9. Nxc6 bxc6 10. e5 Nd7 11. f4 e6 12. Na4 Nxe5 13. Bd4 Nd7 14. Bxg7 Kxg7 15. Qc3+ Qf6 16. Qxc6 Rb8 17. Qc3 d4 18. Qd2 Bb7 19. O-O Bc6 20. b3 Rfd8 21. Nb2 Nb6 22. Nd3 Rbc8 23. Ne5 Be4 24. Bd3 Bxd3 25. cxd3 Rc3 26. Ng4 Qf5 27. Nf2 Qb5 28. Rfe1 Rdc8 29. Qe2 Rc2 30. Qe4 Qd5 31. Kf1 Rd2 32. Re2 Rcc2 33. Rxd2 Rxd2 34. a4 Rb2 35. a5 f5 36. Qe1 Nd7 37. Qb4 Kf7 38. Rc1 Rxb3 39. Qc4 Rb5 40. Qxd5 Rxd5 41. Rc7 a6 42. Ra7 Rd6 43. Nd1 Kg8 44. Nb2 Nc5 45. Nc4 Rd7 46. Ra8+ Kg7 47. Ke2 Rb7 48. Rc8 Rb5 49. Rc7+ Kg8 50. Rc6 Kg7 51. Rd6 Kf6 52. Rxd4 Nb3 53. Rd7 Nxa5 54. Ne5 Rb7 55. Rd6 Nb3 56. Rxa6 g5 57. g3 gxf4 58. gxf4 Nd4+ 59. Ke3 Nc2+ 60. Kd2 Nb4 61. Ra4 Nd5 62. Nf3 Rb2+ 63. Ke1 Rb4 64. Ra7 Nxf4 65. d4 h5 66. h4 Nd5 67. Rh7 Kg6 68. Rd7 f4 69. Ng5 Rxd4 70. Nxe6 Re4+ 71. Kf2 Nf6 72. Rg7+ Kh6 73. Re7 Re3 74. Nd4 Ng4+ 75. Kf1 Rxe7 76. Nf5+ Kg6 77. Nxe7+ Kf6 78. Nc6 Kf5 79. Nd4+ Ke4 80. Ne2 Ne3+ 81. Kf2 Nf5 82. Nc3+ Ke5 83. Nb1 Nxh4 84. Nd2 Kf5 85. Nc4 Ng6 86. Nd6+ Kg4 87. Ne8 h4 88. Nf6+ Kf5 89. Nd5 h3 90. Kg1 Kg4 91. Kh2 f3 92. Ne3+ Kh4 93. Nf5+ Kg5 94. Ne3 Nf4 95. Kg3 f2 96. Nf1 Nd3 97. Kxh3 Kf4 98. Kg2 Kg4 99. Ne3+ Kf4 100. Nf1 Ke4 101. Kg3 Kd4 102. Kf3 Kc3 103. Ke2 Kc2 104. Nh2 Kc3 105. Kf3 Kd2 106. Nf1+ Ke1 107. Ng3 Ne5+ 108. Ke3 Ng4+ 109. Kf3 Nh6 110. Kg2 Nf7 111. Nf1 Nd6 112. Ng3 Nf5 113. Nf1 Ke2 114. Nh2 Ne3+ 115. Kh1 Nf1 116. Ng4 Ng3+ 117. Kg2 f1=Q+ 0-1

[Event "Bijnor Open 2023"]
[Site "Bijnor"]
[Date "2023.12.03"]
[Round "7.4"]
[White "Shaurya Prabhakar"]
[Black "Daksh Goyal"]
[Result "0-1"]
[ECO "D43"]
[WhiteElo "1578"]
[BlackElo "1814"]
[Annotator "NA RC"]
[PlyCount "80"]
[EventDate "2023.11.29"]
[EventCountry "IND"]
[SourceTitle "playchess.com"]
[Source "ChessBase"]
[SourceQuality "1"]
[TimeControl "5400+30"]

1. d4 d5 2. c4 c6 3. Nf3 Nf6 4. Nc3 e6 5. Bg5 h6 6. Bh4 dxc4 7. e4 g5 8. Bg3 b5 9. Be5 Nbd7 10. Bxf6 Nxf6 11. Ne5 Bb7 12. f3 Qb6 13. Qd2 Rd8 14. Rd1 c5 15. d5 exd5 16. exd5 Nxd5 17. Nxb5 Qxb5 18. Bxc4 Qb4 19. O-O Qxd2 20. Bb5+ Ke7 21. Rxd2 Bg7 22. Re1 Bxe5 23. Rxe5+ Kf6 24. Re1 Nc7 25. Bd7 Bd5 26. Ba4 Bb7 27. Rc2 Ne6 28. Bb3 Bd5 29. Ba4 Rb8 30. b3 Rhc8 31. Bd7 Rc7 32. Bxe6 Bxe6 33. f4 gxf4 34. Rf1 Rb4 35. g3 Rd4 36. gxf4 Rc8 37. Rf3 Rg8+ 38. Kf2 Bd5 39. Rfc3 Rxf4+ 40. Ke3 Rf3+ 0-1

[Event "Bijnor Open 2023"]
[Site "Bijnor"]
[Date "2023.12.03"]
[Round "7.5"]
[White "Anchal, Rastogi"]
[Black "Ayush Saxena"]
[Result "1-0"]
[ECO "D02"]
[WhiteElo "1770"]
[BlackElo "1567"]
[Annotator "NA RC"]
[PlyCount "143"]
[EventDate "2023.11.29"]
[EventCountry "IND"]
[SourceTitle "playchess.com"]
[Source "ChessBase"]
[SourceQuality "1"]
[TimeControl "5400+30"]

1. Nf3 Nf6 2. g3 d5 3. Bg2 Nc6 4. d4 Bf5 5. O-O e6 6. c3 a5 7. h3 Bd6 8. Nbd2 Qd7 9. Nh4 O-O 10. g4 Be4 11. f3 Bg6 12. Nxg6 fxg6 13. e4 e5 14. dxe5 Nxe5 15. exd5 Bc5+ 16. Kh1 Nd3 17. Qe2 Qxd5 18. Ne4 Nxe4 19. fxe4 Rxf1+ 20. Bxf1 Qxe4+ 21. Qxe4 Nf2+ 22. Kg2 Nxe4 23. Bc4+ Kh8 24. Bd5 Nd6 25. Bf4 Re8 26. Bf3 h6 27. Rd1 g5 28. Bg3 Re7 29. Rd5 b6 30. Re5 Rxe5 31. Bxe5 Nc4 32. Bxc7 Nxb2 33. Be2 Na4 34. Be5 Be7 35. Bb5 Nb2 36. Kf3 Bc5 37. Ke2 a4 38. Kd2 Kg8 39. Kc2 a3 40. Be2 Kf7 41. Kb3 b5 42. Bxb5 Nd1 43. Bc4+ Kf8 44. Bd4 Bxd4 45. cxd4 Ke7 46. Kxa3 Kd6 47. Kb4 Nf2 48. Bf1 Kd5 49. Kc3 Nd1+ 50. Kd2 Nb2 51. Kc2 Na4 52. Bb5 Nb6 53. Kd3 Nc8 54. Bc4+ Kd6 55. Ke4 Nb6 56. Bb3 g6 57. a4 h5 58. a5 Na8 59. Bf7 hxg4 60. hxg4 Nc7 61. Bxg6 Ke6 62. Bh7 Nb5 63. Bg8+ Kd6 64. Bc4 Na7 65. d5 Kc5 66. Bb3 Nb5 67. Ke5 Nd6 68. a6 Nc8 69. Ke6 Na7 70. Ba4 Nc8 71. Bc6 Na7 72. Kf5 1-0

[Event "Bijnor Open 2023"]
[Site "Bijnor"]
[Date "2023.12.03"]
[Round "7.6"]
[White "Wazeer Ahmad, Khan"]
[Black "Ravish Chaudhary"]
[Result "1-0"]
[ECO "D37"]
[WhiteElo "1686"]
[BlackElo "1351"]
[Annotator "NA RC"]
[PlyCount "115"]
[EventDate "2023.11.29"]
[EventCountry "IND"]
[SourceTitle "playchess.com"]
[Source "ChessBase"]
[SourceQuality "1"]
[TimeControl "5400+30"]

1. d4 d5 2. Nf3 Nf6 3. c4 e6 4. Nc3 a6 5. e3 Be7 6. a3 dxc4 7. Bxc4 b5 8. Bd3 c5 9. dxc5 Bxc5 10. b4 Be7 11. Bb2 Bb7 12. O-O Nbd7 13. Qe2 Bxf3 14. gxf3 Qb6 15. Ne4 Nxe4 16. Bxe4 Rc8 17. Rac1 O-O 18. Bxh7+ Kxh7 19. Qd3+ f5 20. Qxd7 Rxc1 21. Rxc1 Bf6 22. Bxf6 Rxf6 23. Qc7 Qxc7 24. Rxc7 e5 25. Re7 Rd6 26. Rxe5 Kg6 27. e4 f4 28. Kg2 Kh6 29. Rf5 g5 30. h4 gxh4 31. Rxf4 Kg5 32. Rf5+ Kg6 33. Rc5 Kf7 34. Rc3 Kg6 35. f4 Kh5 36. Kh3 Rd2 37. Rc5+ Kg6 38. Kxh4 Rxf2 39. Rc6+ Kf7 40. Kg5 Re2 41. e5 Re4 42. Rxa6 Ke7 43. Kf5 Rd4 44. Ra7+ Kd8 45. e6 Ke8 46. Ke5 Rd8 47. f5 Rb8 48. f6 Rc8 49. Rh7 Kd8 50. Rh8+ Kc7 51. Rxc8+ Kxc8 52. f7 Kc7 53. f8=Q Kc6 54. Qc8+ Kb6 55. e7 Ka7 56. e8=R Kb6 57. Re6+ Ka7 58. Ra6# 1-0

[Event "Bijnor Open 2023"]
[Site "Bijnor"]
[Date "2023.12.03"]
[Round "7.7"]
[White "Shubh, Singh Saini"]
[Black "Verma Ashu"]
[Result "0-1"]
[ECO "C44"]
[WhiteElo "1421"]
[BlackElo "1674"]
[Annotator "NA RC"]
[PlyCount "132"]
[EventDate "2023.11.29"]
[EventCountry "IND"]
[SourceTitle "playchess.com"]
[Source "ChessBase"]
[SourceQuality "1"]
[TimeControl "5400+30"]

1. e4 Nc6 2. d3 e5 3. Nf3 Bc5 4. g3 d6 5. Bg2 Bb6 6. O-O f6 7. Nh4 Be6 8. c3 Qd7 9. Be3 g5 10. Nf3 h5 11. d4 Bg4 12. dxe5 Nxe5 13. Nxe5 fxe5 14. Qd2 O-O-O 15. Bxg5 Rf8 16. a4 a6 17. Be3 Bxe3 18. Qxe3 Kb8 19. b4 h4 20. Nd2 Bh3 21. Qe2 Nf6 22. b5 a5 23. b6 cxb6 24. Nc4 Bxg2 25. Kxg2 hxg3 26. fxg3 Qh3+ 27. Kg1 Ng4 28. Ne3 Rxf1+ 29. Nxf1 Rf8 30. Ra2 Rf2 31. Qxf2 Nxf2 32. Rxf2 Qg4 33. h4 Qxe4 34. h5 Qh7 35. g4 e4 36. Ne3 Qh6 37. Nf5 Qc1+ 38. Kg2 Qxc3 39. Nxd6 Qg7 40. Kh3 e3 41. Re2 Qd4 42. Nf5 Qxa4 43. Rxe3 Qd1 44. Kh4 a4 45. h6 Qh1+ 46. Kg5 b5 47. Kg6 b4 48. h7 b3 49. Nh6 Qc6+ 50. Kg7 Qd7+ 51. Kg8 Qxh7+ 52. Kxh7 b2 53. Re1 a3 54. g5 a2 55. g6 b1=Q 56. Rxb1 axb1=Q 57. Nf7 b5 58. Kh6 Qh1+ 59. Kg5 Qg2+ 60. Kf6 Qf3+ 61. Kg5 Qg3+ 62. Kf6 Qf4+ 63. Kg7 b4 64. Kf8 b3 65. g7 Qb4+ 66. Ke8 Qg4 0-1

[Event "Bijnor Open 2023"]
[Site "Bijnor"]
[Date "2023.12.03"]
[Round "7.8"]
[White "Aabhas Kumar Srivastava"]
[Black "Gopal Krishna Maheshwari"]
[Result "0-1"]
[ECO "C54"]
[WhiteElo "1216"]
[BlackElo "1627"]
[Annotator "NA RC"]
[PlyCount "56"]
[EventDate "2023.11.29"]
[EventCountry "IND"]
[SourceTitle "playchess.com"]
[Source "ChessBase"]
[SourceQuality "1"]
[TimeControl "5400+30"]

1. e4 e5 2. Nf3 Nc6 3. Bc4 Bc5 4. c3 Nf6 5. d4 exd4 6. e5 d5 7. Bb5 Ne4 8. cxd4 Bb4+ 9. Bd2 Be7 10. Nc3 O-O 11. Be3 Bg4 12. h3 Bh5 13. g4 Bg6 14. Ne2 f5 15. Nf4 Qd7 16. Qb3 Bf7 17. Rg1 Be6 18. g5 a6 19. Bd3 b5 20. Rc1 Na5 21. Qc2 Rac8 22. Bd2 Nc4 23. b3 Ncxd2 24. Nxd2 Bb4 25. Bxe4 fxe4 26. Nxe6 Qxe6 27. Qc6 Qf7 28. Rf1 e3 0-1

[Event "Bijnor Open 2023"]
[Site "Bijnor"]
[Date "2023.12.03"]
[Round "7.9"]
[White "Abhibhav Kumar"]
[Black "Sananda, R."]
[Result "1/2-1/2"]
[ECO "C50"]
[WhiteElo "1127"]
[BlackElo "1365"]
[Annotator "NA RC"]
[PlyCount "61"]
[EventDate "2023.11.29"]
[EventCountry "IND"]
[SourceTitle "playchess.com"]
[Source "ChessBase"]
[SourceQuality "1"]
[TimeControl "5400+30"]

1. e4 e5 2. Nf3 Nc6 3. Bc4 Bc5 4. Nc3 d6 5. d3 h6 6. Be3 Bb6 7. h3 Nf6 8. Qd2 Be6 9. Bb3 Nd4 10. Bxd4 exd4 11. Ne2 c5 12. Nf4 Ba5 13. c3 Bxb3 14. axb3 O-O 15. Nh4 Re8 16. O-O dxc3 17. bxc3 Bc7 18. Nf3 d5 19. Nxd5 Nxd5 20. exd5 Qxd5 21. d4 cxd4 22. Qxd4 Qxb3 23. Rxa7 Rxa7 24. Qxa7 Bb6 25. Qa1 Re2 26. Nd4 Bxd4 27. cxd4 Ra2 28. Qb1 Qxb1 29. Rxb1 Rd2 30. Rxb7 Rxd4 31. Kh2 1/2-1/2

[Event "Bijnor Open 2023"]
[Site "Bijnor"]
[Date "2023.12.03"]
[Round "7.10"]
[White "Surender Kumar"]
[Black "Vatsal Makol"]
[Result "0-1"]
[ECO "B20"]
[WhiteElo "1271"]
[BlackElo "1478"]
[Annotator "NA RC"]
[PlyCount "148"]
[EventDate "2023.11.29"]
[EventCountry "IND"]
[SourceTitle "playchess.com"]
[Source "ChessBase"]
[SourceQuality "1"]
[TimeControl "5400+30"]

1. e4 c5 2. Bc4 e6 3. Nc3 Nc6 4. a3 Nf6 5. d3 d5 6. exd5 exd5 7. Ba2 h6 8. h3 Be7 9. Nge2 d4 10. Ne4 O-O 11. N2g3 Re8 12. O-O Bf8 13. f4 Nxe4 14. Nxe4 Be6 15. Bxe6 Rxe6 16. f5 Re8 17. f6 g6 18. Qg4 Kh7 19. Qh4 Qd5 20. Bd2 Re5 21. Bf4 g5 22. Nxg5+ Rxg5 23. Bxg5 Qxg5 24. Qe4+ Qg6 25. Qe2 Bd6 26. Rf3 a5 27. Raf1 Be5 28. Rf5 Re8 29. Qd2 Re6 30. Qd1 Rxf6 31. Rxf6 Bxf6 32. Qf3 Kg7 33. Qd5 Qg5 34. Qd7 Qe3+ 35. Kh1 Qe2 36. Qf5 Qe5 37. Qg4+ Kf8 38. Qc8+ Nd8 39. Qd7 Be7 40. Qg4 Bd6 41. Kg1 Qe3+ 42. Kh1 Qg3 43. Qxg3 Bxg3 44. Rf3 Be5 45. a4 f6 46. g4 Ne6 47. b3 Ng5 48. Rf5 Nxh3 49. Kg2 Ng5 50. Rf1 Kg7 51. Rh1 Kg6 52. Rf1 Ne6 53. Kf3 Ng5+ 54. Kg2 Nf7 55. Kf3 Nd6 56. Rg1 b6 57. Rg2 Ne8 58. Ke4 Nc7 59. Rg1 Na6 60. Rg2 Nb4 61. Rf2 Kg5 62. Rg2 Bf4 63. Kf3 Nc6 64. Rf2 Be3 65. Rh2 Ne5+ 66. Ke4 Nxg4 67. Rg2 h5 68. Kf3 f5 69. Rg3 h4 70. Rh3 Ne5+ 71. Ke2 f4 72. Kf1 f3 73. Ke1 Kg4 74. Rh1 Kg3 0-1